 Dungeon Crawl Stone Soup version 0.28-a0-1038-g9c4cb8273d (webtiles) character file.

Game seed: 12298901681154138048

231 siradein the Skirmisher (level 5, -2/47 HPs)
             Began as a Draconian Fighter on Dec 8, 2021.
             Killed by nerve-wracking pain
             ... invoked by a shadow imp
             ... summoned by Natasha
              (13 damage)
             ... on level 3 of the Dungeon.
             The game lasted 00:05:08 (3636 turns).

siradein the Skirmisher (Draconian Fighter)         Turns: 3636, Time: 00:05:09

Health: -2/47      AC:  5    Str: 20    XL:     5   Next: 72%
Magic:  5/5        EV: 16    Int:  9    God:
Gold:   69         SH:  4    Dex: 10    Spells: 4/4 levels left

rFire   . . .      SeeInvis +   t - +0 mace (protect)
rCold   . . .      Faith    .   b - +0 buckler
rNeg    . . .      Spirit   .   (armour unavailable)
rPois   .          Reflect  .   (helmet restricted)
rElec   .          Harm     .   (no cloak)
rCorr   .          Rampage  .   (no gloves)
Will    .....                   (no boots)
Stlth   +.........              (no amulet)
HPRegen 0.15/turn               f - ring of see invisible
MPRegen 0.09/turn               s - +4 ring of evasion

@: slowed, very slow
A: AC +5, unfitting armour, cold-blooded
a: no special abilities


You were on level 3 of the Dungeon.
You visited 1 branch of the dungeon, and saw 3 of its levels.

You collected 69 gold pieces.

Inventory:

Hand Weapons
 a - a +0 flail
 t - a +0 mace of protection (weapon)
Missiles
 k - 25 poisoned darts (quivered)
Armour
 b - a +0 buckler (worn)
Jewellery
 f - a ring of see invisible (left hand)
 s - a +4 ring of evasion (right hand)
Wands
 q - a wand of iceblast (9)
 u - a wand of digging (3)
Scrolls
 e - a scroll of amnesia {unknown}
 g - 2 scrolls of enchant armour {unknown}
 i - a scroll of summoning {unknown}
 l - a scroll of identify {unknown}
 n - a scroll of blinking {unknown}
 o - a scroll of fog {unknown}
 p - a scroll of teleportation {unknown}
Potions
 c - a potion of might
 d - 2 potions of curing {unknown}
 h - a potion of degeneration {unknown}
 j - 2 potions of attraction {unknown}
 m - 3 potions of lignification {unknown}
 r - a potion of flight {unknown}


   Skills:
 + Level 4.4 Fighting
 + Level 3.3 Maces & Flails
 + Level 3.7 Dodging
 + Level 4.0 Shields
 + Level 1.3 Evocations


You had 4 spell levels left.
You didn't know any spells.
Your spell library was empty.

Dungeon Overview and Level Annotations

Branches:
Dungeon (3/15)

Altars:
Nemelex Xobeh

Annotations:
D:3 Natasha


Innate Abilities, Weirdness & Mutations

Your plain brown scales are hard. (AC +5)
You cannot fit into any form of body armour.
You are cold-blooded and may be slowed by cold attacks.


Message History

The white imp hits you but does no damage.
Natasha stares at you and mumbles some strange words.
The magic dart hits you. The shadow imp hits you.
The white imp barely misses you.
You barely miss Natasha.
Natasha is lightly wounded.
Natasha claws you. The shadow imp closely misses you.
The white imp gestures at you. The puff of frost hits you.
* * * LOW HITPOINT WARNING * * *
Natasha closely misses you. The shadow imp hits you.
* * * LOW HITPOINT WARNING * * *
The white imp hits you but does no damage.
You hit Natasha.
Your weapon exudes an aura of protection.
Natasha is moderately wounded.
Natasha misses you.
The shadow imp hits you but does no damage.
The white imp gestures at you.
The puff of frost hits you but does no damage.
Natasha wildly gestures.
Natasha glows brightly for a moment.
Natasha zaps a wand.
The puff of flame hits you but does no damage.
The shadow imp completely misses you. The white imp gestures at you.
The puff of frost hits you but does no damage.
The white imp barely misses you.
Natasha zaps a wand.
The puff of flame hits you.
* * * LOW HITPOINT WARNING * * *
The white imp barely misses you.
Natasha hisses.
Natasha casts a spell.
The shadow imp hits you but does no damage.
The shadow imp shouts, "Return whence thou came, thou simpering hell-hated dingleberry!"
The white imp disappears in a puff of smoke!
The shadow imp hits you but does no damage.
The shadow imp gestures at you. Pain shoots through your body!
You die...

#####
####################.|.#
....#...........@.5h...#
###.#.##############.ยง.#
#.#.# ##.## #.#.# #.#
#.#.# #.####### #.#.#
#h5.....# #.#.# #.#####.#
#<..# #.# #.#
############## #.#
##.#####


You could see Natasha and a shadow imp (summoned).

Vanquished Creatures
  A hound (D:3)
  Ijyb (D:3)
  Natasha (twice) (D:3)
  6 adders
  4 worms
  3 dart slugs
  An orc (D:3)
  5 ball pythons
  3 bats (D:2)
  5 endoplasms
  5 giant cockroaches
  3 hobgoblins
  4 kobolds
  3 quokkas
  4 frilled lizards
  10 rats
60 creatures vanquished.

Notes
Turn   | Place    | Note
-------+----------+-------------------------------------------
     0 | D:1      | siradein the Draconian Fighter began the quest for the Orb.
     0 | D:1      | Reached XP level 1. HP: 19/19 MP: 1/1
   403 | D:1      | Reached XP level 2. HP: 26/26 MP: 2/2
  1115 | D:2      | Reached XP level 3. HP: 31/31 MP: 3/3
  1726 | D:2      | Reached XP level 4. HP: 27/40 MP: 4/4
  2193 | D:3      | Noticed Natasha
  2209 | D:3      | Killed Natasha
  2683 | D:3      | Reached XP level 5. HP: 46/46 MP: 5/5
  2837 | D:3      | Found a sparkling altar of Nemelex Xobeh.
  2948 | D:3      | Noticed Natasha
  2968 | D:3      | Killed Natasha
  2969 | D:3      | Reached skill level 1 in Evocations
  3298 | D:3      | Noticed Ijyb
  3323 | D:3      | Killed Ijyb
  3617 | D:3      | Noticed Natasha
  3636 | D:3      | Killed from afar by a shadow imp

Illustrated notes

Levels and vault maps discovered:
D:1:      dpeg_arrival_round_a, layout_basic, nicolae_wormholes
D:2:      layout_basic, minivault_4, hangedman_decor_lopped,
          minmay_misc_feat_diagonals, lemuel_old_faithful
D:3:      layout_loops_ring, mainiacjoe_overflow_alcove_4,
          chequers_decorated_corner, minmay_door_square, uniq_ijyb, uniq_natasha

Skill      XL: |  1  2  3  4  5 |
---------------+----------------+-----
Dodging        | 3 |  3.7
Fighting       | 4 |  4.4
Maces & Flails | 3 |  3.3
Shields        | 4 |  4.0
Evocations     | 1 |  1.3

Action                   |  1- 3 |  4- 6 || total
-------------------------+-------+-------++-------
Melee: Flail             |   125 |    66 ||   191
       Tailslap          |    13 |    13 ||    26
       Mace              |       |    38 ||    38
 Stab: Sleeping          |     1 |       ||     1
Armor: Skin              |    52 |    35 ||    87
Dodge: Dodged            |    99 |    64 ||   163
Block: Buckler           |    44 |    22 ||    66

Table legend: (Time is in decaauts)
 A = Elapsed time spent in this place.
 B = Non-inter-level travel time spent in this place.
 C = Inter-level travel time spent in this place.
 D = Time resting spent in this place.
 E = Time spent auto-exploring this place.
 F = Levels seen in this place.
 G = Mean time per level.
                   A        B        C        D        E       F      G
               +--------+--------+--------+--------+--------+-----+--------+
         Total |   3708 |   3667 |     41 |    269 |   2760 |   3 | 1236.0 |
       Dungeon |   3708 |   3667 |     41 |    269 |   2760 |   3 | 1236.0 |
               +--------+--------+--------+--------+--------+-----+--------+

Top non-repeatable levels by time:
     D:3: 1645 daAuts
     D:1: 1108 daAuts
     D:2: 954 daAuts
